AoeStats
← METALGOD

MegaRandom

509431119Analyzed
2v2 RM · 6d ago on Sep 26, 2026· 61m 22s· 4 players
Game mode
Random Map
Map size
Medium (4 player)
Population
200
Speed
Normal
Resources
Standard
Victory
Conquest
Starting age
Dark Age
Ending age
Imperial Age
RankedLock teamsTeams togetherTeam positionsShared explorationLock speedFull tech treeHidden civsTurbo modeCheats
Victory
Defeat
🇺🇸 Teutons · United States
500
+10
🇺🇸 Khmer · United States
500
+11
🇺🇸 Wu · United States
394
-11
🇩🇪 Byzantines · Germany
361
-10
KINGTOM
7:39 Loom
11:32 Feudal Age
12:03 Double-Bit Axe
12:06 Horse Collar
14:10 Fletching
16:47 Wheelbarrow
19:00 Forging
19:22 Stone Mining
19:26 Gold Mining
26:39 Castle Age
25:53 Scale Barding Armor
27:39 Bow Saw
27:33 Heavy Plow
27:50 Bodkin Arrow
28:57 Husbandry
28:18 Light Cavalry
30:53 Iron Casting
30:39 Guard Tower
30:45 Murder Holes
32:15 Hand Cart
34:13 Stone Shaft Mining
34:30 Gold Shaft Mining
35:52 Fervor
38:38 Imperial Age
37:19 Treadmill Crane
41:41 Chemistry
42:04 Heavy Camel Rider
44:25 Hoardings
45:29 Bracer
47:07 Two-Man Saw
49:35 Chain Barding Armor
49:41 Ballistics
48:59 Capped Ram
ndyer98
13:16 Feudal Age
16:05 Double-Bit Axe
16:59 Wheelbarrow
16:08 Horse Collar
22:18 Castle Age
23:01 Stone Mining
23:04 Gold Mining
24:48 Hand Cart
25:15 Bow Saw
25:48 Heavy Plow
27:24 Stone Shaft Mining
27:27 Gold Shaft Mining
33:14 Caravan
33:23 Pikeman
34:04 Squires
33:50 Arson
40:59 Imperial Age
38:55 Padded Archer Armor
38:45 Fletching
39:24 Ballistics
41:26 Elite Fire Archer
42:06 Bodkin Arrow
42:37 Leather Archer Armor
45:37 Bracer
45:44 Red Cliffs Tactics
48:38 Scale Barding Armor
48:44 Forging
49:10 Heavy Hei Guang Cavalry
49:53 Husbandry
52:50 Chemistry
52:18 Chain Barding Armor
Quest8014
3:23 Loom
12:12 Feudal Age
15:16 Stone Mining
15:10 Horse Collar
18:19 Wheelbarrow
18:27 Gold Mining
23:37 Castle Age
22:25 Double-Bit Axe
24:39 Man-at-Arms
26:05 Bow Saw
26:17 Pikeman
27:47 Heavy Plow
28:32 Caravan
29:40 Long Swordsman
30:06 Arson
30:45 Hand Cart
29:58 Crossbowman
33:26 Stone Shaft Mining
33:27 Gold Shaft Mining
40:02 Imperial Age
39:43 Forging
39:24 Fletching
39:35 Padded Archer Armor
39:35 Scale Mail Armor
39:42 Scale Barding Armor
39:59 Elite Skirmisher
40:06 Two-Handed Swordsman
41:17 Conscription
42:51 Iron Casting
42:31 Chain Mail Armor
42:58 Capped Ram
44:26 Crop Rotation
45:30 Bloodlines
45:20 Husbandry
44:42 Cavalier
47:28 Coinage
46:37 Elite Battle Elephant
48:07 Parthian Tactics
48:05 Heated Shot
49:35 Chain Barding Armor
50:34 Blast Furnace
53:31 Arbalester
54:01 Heavy Scorpion
56:16 Siege Engineers
57:13 Chemistry
56:34 Ballistics
57:11 Plate Barding Armor
56:32 Bodkin Arrow
56:06 Siege Ram
METALGOD
8:34 Loom
12:35 Feudal Age
20:31 Castle Age
19:17 Double-Bit Axe
21:56 Horse Collar
24:01 Scale Barding Armor
26:07 Heavy Plow
26:38 Bow Saw
29:01 Wheelbarrow
28:38 Stone Mining
30:39 Hand Cart
30:47 Caravan
35:53 Imperial Age
33:30 Gold Mining
38:34 Chemistry
37:01 Man-at-Arms
37:57 Forging
38:33 Stone Shaft Mining
39:04 Fortified Wall
39:09 Long Swordsman
42:23 Gambesons
43:01 Elite Teutonic Knight
43:36 Town Watch
44:54 Ironclad
46:03 Crenellations
47:26 Capped Ram
55:23 Bloodlines
Connection lost

Rejoining the realm…

Still unreachable

The connection could not be restored.

Session expired

The server has moved on; the page needs a fresh start.